 Dungeon Crawl Stone Soup version 0.25.1-2-g60ff931df9 (webtiles) character file.

Game seed: 2041173803666946535

3617 raphialitos the Blocker (level 10, 0/76 HPs)
             Began as a Formicid Fighter on Oct 22, 2020.
             Was an Initiate of Makhleb.
             Slain by a killer bee (6 damage)
             ... on level 8 of the Dungeon.
             The game lasted 00:22:33 (7676 turns).

raphialitos the Blocker (Formicid Fighter)          Turns: 7676, Time: 00:22:33

Health: 0/76       AC:  8    Str: 24    XL:     10   Next: 32%
Magic:  10/10      EV: 11    Int:  8    God:    Makhleb [......]
Gold:   346        SH: 17    Dex: 10    Spells: 9/9 levels left

rFire    . . .     SeeInvis +   a - +4 quarterstaff (chaos)
rCold    . . .     Gourm    .   c - +1 kite shield
rNeg     . . .     Faith    .   b - +0 scale mail
rPois    .         Spirit   .   (helmet unavailable)
rElec    .         Reflect  +   (no cloak)
rCorr    .         Harm     .   g - +0 pair of gloves
MR       +....                  (no boots)
Stlth    ..........             n - amulet of reflection
HPRegen  0.22/turn              (no ring)
MPRegen  0.12/turn              (no ring)

@: no status effects
A: permanent stasis, dig shafts and tunnels, four strong arms, antennae 3
a: Dig, Shaft Self, Renounce Religion


You were on level 8 of the Dungeon.
You worshipped Makhleb.
Makhleb was noncommittal.
You were hungry.

You visited 2 branches of the dungeon, and saw 9 of its levels.

You collected 346 gold pieces.

Inventory:

Hand Weapons
 a - a +4 quarterstaff of chaos (weapon)
 d - a +1 halberd of flaming
 x - a +2 trident of flaming
Missiles
 i - 33 bolts
 j - 76 arrows
 t - 13 poisoned darts (quivered)
 u - 48 sling bullets
 w - 6 boomerangs
Armour
 b - a +0 scale mail (worn)
 c - a +1 kite shield (worn)
 g - a +0 pair of gloves (worn)
 v - a +0 cloak
 y - a scarf of resistance
Jewellery
 n - an amulet of reflection (around neck)
Wands
 q - a wand of enslavement (11)
 s - a wand of flame (30)
Scrolls
 e - 2 scrolls of magic mapping
 p - a scroll of fog
 r - a scroll of remove curse
Potions
 h - 2 potions of flight
 k - 2 potions of curing {unknown}
 l - a potion of cancellation
 m - a potion of ambrosia
 o - a potion of mutation {unknown}
 A - a potion of brilliance {unknown}
Comestibles
 f - 17 rations


   Skills:
 + Level 6.2 Fighting
 + Level 5.1(7.0) Polearms
 + Level 7.4(8.1) Staves
 + Level 3.5 Throwing
 + Level 5.6 Armour
 + Level 3.5 Dodging
 + Level 0.7 Stealth
 + Level 9.1 Shields


You had 9 spell levels left.
You didn't know any spells.
Your spell library was empty.

Dungeon Overview and Level Annotations

Branches:
Dungeon (8/15)             Temple (1/1) D:7
   Lair: D:8-11

Altars:
Ashenzari
Cheibriados
Elyvilon
Fedhas
Gozag
Hepliaklqana
Kikubaaqudgha
Makhleb
Nemelex Xobeh
Okawaru
Qazlal
Ru
Sif Muna
Trog
Uskayaw
Vehumet
Xom
Yredelemnul
Zin
The Shining One


Innate Abilities, Weirdness & Mutations

You cannot be hasted, slowed, berserked, paralysed or teleported.
You can dig through walls and to a lower floor.
Your four strong arms can wield two-handed weapons with a shield.
You have a pair of large antennae on your head. (SInv)


Message History

* * * LOW HITPOINT WARNING * * *
You closely miss the killer bee.
The killer bee is heavily wounded.
The killer bee stings you!
* * * LOW HITPOINT WARNING * * *
You closely miss the killer bee.
The killer bee is heavily wounded.
The killer bee closely misses you. x2
You sock the killer bee!
You kill the killer bee!
Makhleb accepts your kill.
The killer bee buzzes angrily.
The killer bee barely misses you. You block the killer bee's attack.
You miss the killer bee. You block the killer bee's attack.
The killer bee barely misses you.
You miss the killer bee. You block the killer bee's attack.
You thump the killer bee!
The killer bee is poisoned.
The killer bee is heavily wounded.
The killer bee stings you.
You die...

### ## #..
..# #.###..#
. #.#.y..# ..
##.#@## # ...
#.....#.#
....
#.......#
.....
#<#†..###
_.....#.#.#.#
......††#.#.#
..⌠.._......#
........#.###
_.....#.#.#


You could see a killer bee (very poisoned).

Vanquished Creatures
  Pikel (D:7)
  Maggie (D:6)
  Eustachio (D:6)
  A vampire (D:8)
  A hungry ghost (D:7)
  Duvessa (D:7)
  An orc warrior (D:7)
  An ice beast (D:7)
  A necrophage (D:5)
  A sky beast (D:5)
  A phantom (D:4)
  4 ogres
  Blork the orc (D:4)
  2 bullfrogs
  6 killer bees (D:8)
  A howler monkey (D:7)
  A bullfrog zombie (D:6)
  3 crimson imps
  Crazy Yiuf (D:6)
  A jelly (D:5)
  7 orc priests
  Ijyb (D:4)
  2 bullfrog skeletons (D:6)
  2 iguanas
  5 orc wizards
  9 worker ants
  A hound skeleton (D:4)
  A howler monkey zombie (D:6)
  3 gnolls (D:6)
  8 adders
  2 shadow imps
  An ooze (D:6)
  An adder zombie (D:7)
  An adder skeleton (D:6)
  4 worms
  2 dart slugs
  2 leopard geckos (D:7)
  24 orcs
  5 giant cockroaches
  5 goblins
  9 hobgoblins
  10 jackals
  5 kobolds
  4 quokkas
  2 ball pythons (D:5)
  2 bats
  7 frilled lizards
  13 rats
  A plant (D:7)
170 creatures vanquished.

Vanquished Creatures (others)
  3 slaves (D:7)
  Dowan (D:7)
  A plant (D:7)
5 creatures vanquished.

Grand Total: 175 creatures vanquished

Notes
Turn   | Place    | Note
-------+----------+-------------------------------------------
     0 | D:1      | raphialitos the Formicid Fighter began the quest for the
                  | Orb.
     0 | D:1      | Reached XP level 1. HP: 18/18 MP: 1/1
   135 | D:1      | Reached XP level 2. HP: 24/24 MP: 2/2
   425 | D:1      | Reached skill level 4 in Shields
   592 | D:1      | Reached XP level 3. HP: 29/29 MP: 3/3
  1467 | D:2      | Reached XP level 4. HP: 35/37 MP: 4/4
  1798 | D:3      | Found a glowing silver altar of Zin.
  2023 | D:3      | Reached XP level 5. HP: 42/42 MP: 5/5
  2115 | D:3      | Reached skill level 1 in Throwing
  2410 | D:4      | Reached XP level 6. HP: 48/48 MP: 6/6
  2413 | D:4      | Noticed a phantom
  2519 | D:4      | Killed a phantom
  2519 | D:4      | Reached skill level 1 in Dodging
  2519 | D:4      | Reached skill level 5 in Shields
  2678 | D:4      | Noticed an ogre
  2695 | D:4      | Killed an ogre
  2695 | D:4      | Reached XP level 7. HP: 25/54 MP: 7/7
  2918 | D:4      | Noticed Blork the orc
  2927 | D:4      | Killed Blork the orc
  3098 | D:4      | Noticed Ijyb
  3102 | D:4      | Killed Ijyb
  3148 | D:4      | Reached skill level 5 in Staves
  3313 | D:4      | Reached skill level 6 in Shields
  3793 | D:5      | Entered Level 5 of the Dungeon
  3973 | D:5      | Reached XP level 8. HP: 57/61 MP: 8/8
  4677 | D:6      | Noticed Eustachio
  4702 | D:6      | Killed Eustachio
  4702 | D:6      | Reached skill level 5 in Fighting
  4786 | D:6      | Noticed Maggie
  4815 | D:6      | Killed Maggie
  4815 | D:6      | Reached skill level 1 in Polearms
  4815 | D:6      | Reached skill level 7 in Shields
  4815 | D:6      | Reached XP level 9. HP: 36/68 MP: 9/9
  5008 | D:6      | Reached skill level 5 in Armour
  5115 | D:6      | Found a runed translucent door.
  5116 | D:6      | Noticed Crazy Yiuf
  5244 | D:6      | Found a sacrificial altar of Ru.
  6177 | D:6      | Killed Crazy Yiuf
  6261 | D:7      | Found a staircase to the Ecumenical Temple.
  6264 | D:7      | Noticed Pikel
  6282 | D:7      | Killed Pikel
  6282 | D:7      | Reached skill level 8 in Shields
  6306 | D:7      | Reached XP level 10. HP: 76/76 MP: 10/10
  6457 | D:7      | Killed Dowan
  6462 | D:7      | Reached skill level 5 in Polearms
  6878 | D:7      | Noticed Duvessa
  6895 | D:7      | Killed Duvessa
  7036 | D:7      | Found an iron altar of Okawaru.
  7319 | Temple   | Entered the Ecumenical Temple
  7477 | Temple   | Became a worshipper of Makhleb the Destroyer
  7562 | D:8      | Found a sparkling altar of Nemelex Xobeh.
  7563 | D:8      | Found a shimmering blue altar of Sif Muna.
  7581 | D:8      | Found a white marble altar of Elyvilon.
  7589 | D:8      | Reached skill level 9 in Shields
  7676 | D:8      | Slain by a killer bee

Illustrated notes

Levels and vault maps discovered:
D:1:      minmay_arrival_stair_chambers, layout_basic
D:2:      layout_basic, first_ration
D:3:      layout_loops_cross, lemuel_round_altar
D:4:      layout_loops_corners, uniq_ijyb, uniq_blork_the_orc
D:5:      layout_loops_cross
D:6:      layout_basic, overflow_temple_1_default, uniq_maggie,
          uniq_crazy_yiuf_cottage, uniq_eustachio
D:7:      layout_cave_pods, nicolae_overflow_hidden_temple,
          minmay_temple_entry_gardened_gates, uniq_duvessa, uniq_pikel
D:8:      layout_loops_cross, gammafunk_temple_overflow_pools,
          grunt_temple_overflow_open, chequers_ossuary_entry_cave
Temple:   jpeg_temple_clearing

Skill      XL: |  1  2  3  4  5  6  7  8  9 10 |
---------------+-------------------------------+-----
Shields        | 4 5 6 7 8 9 |  9.1
Staves         | 3 4 5 6 7 |  7.4
Armour         | 4 5 |  5.6
Throwing       | 1 2 3 |  3.5
Fighting       | 4 5 6 |  6.2
Dodging        | 1 2 3 |  3.5
Polearms       | 1 4 5 |  5.1
Stealth        | |  0.7

Action                   |  1- 3 |  4- 6 |  7- 9 | 10-12 || total
-------------------------+-------+-------+-------+-------++-------
Melee: Quarterstaff      |    99 |   125 |   195 |    88 ||   507
       Trident           |       |       |    39 |       ||    39
       Halberd           |       |       |   107 |       ||   107
Throw: Dart              |       |    22 |    80 |       ||   102
  Use: Scroll            |     1 |     6 |     7 |       ||    14
       Potion            |       |       |     1 |       ||     1
  Eat: Chunk             |     2 |     4 |    12 |     1 ||    19
       Ration            |       |       |       |     1 ||     1
Armor: Scale mail        |    27 |    42 |    39 |    14 ||   122
Dodge: Dodged            |    20 |    35 |    74 |    28 ||   157
Block: Kite shield       |    58 |   119 |   233 |    99 ||   509
       Reflection        |     1 |     2 |     1 |       ||     4
